 Dungeon Crawl Stone Soup version 0.25.1-9-gc5326a611f (webtiles) character file.

Game seed: 14568974588468191962

9202 Patoropollo the Carver (level 11, -13/71 HPs)
             Began as a Tengu Monk on Oct 31, 2020.
             Was a High Priest of Wu Jian.
             Mangled by Snorg (22 damage)
             ... on level 10 of the Dungeon on May 16, 2021.
             The game lasted 00:49:59 (13470 turns).

Patoropollo the Carver (Tengu Monk)                Turns: 13470, Time: 00:49:59

Health: -13/71     AC:  9    Str: 13    XL:     11   Next: 42%
Magic:  12/12      EV: 22    Int: 12    God:    Wu Jian [*****.]
Gold:   518        SH:  5    Dex: 17    Spells: 10/10 levels left

rFire    . . .     SeeInvis .   a - +1 falchion
rCold    . . .     Gourm    .   (no shield)
rNeg     . . .     Faith    .   H - +0 troll leather armour
rPois    +         Spirit   .   (helmet restricted)
rElec    .         Reflect  +   e - +1 cloak
rCorr    +         Harm     .   r - +2 pair of gloves
MR       .....                  (boots unavailable)
Stlth    ++++......             y - amulet of reflection
HPRegen  0.61/turn              p - ring of poison resistance
MPRegen  0.13/turn              v - ring of resist corrosion

@: flying quickly and evasively, quick
A: beak, talons 3, able to fly
a: Stop Flying, Wall Jump, Serpent's Lash, Heavenly Storm, Renounce Religion


You were on level 10 of the Dungeon.
You worshipped Wu Jian.
Wu Jian was extremely pleased with you.
You were not hungry.

You visited 1 branch of the dungeon, and saw 10 of its levels.

You collected 518 gold pieces.

Inventory:

Hand Weapons
 a - a +1 falchion (weapon)
Armour
 e - a +1 cloak (worn)
 j - a +2 robe of magic resistance
 r - a +2 pair of gloves (worn)
 H - a +0 troll leather armour (worn)
Jewellery
 b - an uncursed amulet of magic regeneration {unknown}
 p - a ring of poison resistance (left hand)
 v - a ring of resist corrosion (right hand)
 y - an amulet of reflection (around neck)
Wands
 h - a wand of iceblast (16)
 k - a wand of disintegration (12)
 s - a wand of paralysis (18)
 E - a wand of polymorph (10)
 G - a wand of clouds (8)
Scrolls
 f - 6 scrolls of remove curse
 g - 3 scrolls of teleportation
 i - 2 scrolls of random uselessness
 l - 4 scrolls of noise
 q - 2 scrolls of amnesia
 C - a scroll of summoning {unknown}
 F - a scroll of magic mapping
 J - a scroll of identify
Potions
 d - a potion of resistance {unknown}
 m - a potion of ambrosia {unknown}
 n - 3 potions of haste
 o - a potion of magic {unknown}
 t - a potion of mutation {unknown}
 u - 3 potions of might
 w - 2 potions of stabbing
 x - a potion of brilliance
 z - a potion of invisibility {unknown}
 A - a potion of lignification {unknown}
 B - 3 potions of heal wounds {unknown}
 D - a potion of curing
 I - a potion of flight {unknown}
Comestibles
 c - 6 rations


   Skills:
 + Level 9.3 Fighting
 + Level 10.2 Long Blades
 + Level 10.2 Dodging
 + Level 9.9 Stealth


You had 10 spell levels left.
You didn't know any spells.
Your spell library contained the following spells:

 Spells                   Type           Power        Failure   Level  Hunger
 Sting                    Tmut/Pois      #...         38%         1    ##.....
 Poisonous Vapours        Pois/Air       #.....       54%         2    ###....
 Ignite Poison            Fire/Tmut/Pois #.......     77%         3    ####...
 Mephitic Cloud           Conj/Pois/Air  #.......     77%         3    ####...
 Olgreb's Toxic Radiance  Pois           #.......     99%         4    #####..
 Irradiate                Conj/Tmut      #.........   100%        5    ######.
 Hydra Form               Tmut           #.........   100%        6    #######
 Statue Form              Tmut/Erth      #........    100%        6    #######
 Dragon Form              Tmut           #.........   100%        7    #######


Dungeon Overview and Level Annotations

Branches:
Dungeon (10/15)            Temple (0/1) D:7            Lair (0/6) D:8
    Orc: D:9-12

Altars:
Ashenzari
Fedhas
Gozag
Kikubaaqudgha
Makhleb
Nemelex Xobeh
Qazlal
Ru
Sif Muna
Vehumet
Wu Jian
Xom
The Shining One

Shops:
D:8 }

Annotations:
D:10 Snorg


Innate Abilities, Weirdness & Mutations

You have a beak for a mouth.
You have claws for feet.
You can fly continuously.


Message History

You repeatedly attack Snorg from above.
You hit Snorg. Your kick misses Snorg. You peck Snorg.
Snorg is lightly wounded.
You slash Snorg! Your kick misses Snorg.
Snorg is lightly wounded.
You block Snorg's attack.
Snorg closely misses you. x2; Snorg bites you!
* * * LOW HITPOINT WARNING * * *
Snorg barely misses you. Snorg closely misses you.
Snorg rages.
You block Snorg's attack. Snorg claws you!
* * * LOW HITPOINT WARNING * * *
Snorg completely misses you.
Items here: ))))))) † Snorg closely misses you.
Snorg claws you.
* * * LOW HITPOINT WARNING * * *
Snorg closely misses you. Snorg bites you but does no damage.
Snorg closely misses you. Snorg misses you.
Snorg rages.
Snorg bites you!!
You die...

#..# #.# ...# .#
#.# ...# #>## # #.#
.... #....# #.# .##
##.##.##### #.# ##
#.........# #.# .#
#.###.≈≈≈ ≈≈.# #.#
.# #.....≈#####≈.#
##.## .#
#.≈#...#@.# #.#.#
.# #)≈..∩.#≈T#
#..##
.####..##)≈#...#≈.#
#.##
.......##.≈#####≈.#
#.#
######.##.≈≈≈≈≈≈≈.#
#.#
#.).......###.##
###
##.#........)..#
..# #...####.###..#
#.#
...........###..###


You could see Snorg (berserk).

Vanquished Creatures
  2 two-headed ogres
  An elephant (D:8)
  Joseph (D:7)
  A troll (D:10)
  3 hippogriffs
  A shadow (D:10)
  5 yaks
  2 hungry ghosts
  2 orc warriors
  An ice beast (D:5)
  3 necrophages
  2 phantoms (D:7)
  A sky beast (D:8)
  4 centaurs
  The ghost of barney the Changer, an amateur DrTm (D:3)
  7 ogres
  4 big kobolds
  3 crocodiles (D:8)
  6 bullfrogs
  2 wyvern skeletons (D:9)
  18 killer bees
  2 wights (D:10)
  3 crimson imps
  9 howler monkeys
  A bullfrog zombie (D:10)
  6 jellies
  5 orc wizards
  3 orc priests
  2 gnoll shamans (D:7)
  4 hounds
  Jessica (D:2)
  6 worker ants
  A worker ant zombie (D:7)
  23 gnolls
  8 adders
  An adder zombie (D:5)
  An adder skeleton (D:5)
  4 worms
  A dart slug (D:1)
  5 leopard geckos
  30 orcs
  A giant cockroach (D:1)
  16 goblins
  5 hobgoblins
  6 iguanas
  9 jackals
  6 quokkas
  2 ball pythons
  7 bats
  4 frilled lizards
  16 kobolds
  A leopard gecko zombie (D:8)
  A quokka skeleton (D:9)
  6 rats
  3 fungi (D:7)
  3 plants (D:7)
272 creatures vanquished.

Vanquished Creatures (others)
  A fungus (D:7)
  A withered plant (D:10)
2 creatures vanquished.

Grand Total: 274 creatures vanquished

Notes
Turn   | Place    | Note
-------+----------+-------------------------------------------
     0 | D:1      | Patoropollo the Tengu Monk began the quest for the Orb.
     0 | D:1      | Reached XP level 1. HP: 14/14 MP: 2/2
   149 | D:1      | Reached XP level 2. HP: 19/19 MP: 3/3
   641 | D:1      | Reached XP level 3. HP: 17/23 MP: 4/4
  1099 | D:2      | Noticed Jessica
  1109 | D:2      | Killed Jessica
  1109 | D:2      | Reached XP level 4. HP: 13/28 MP: 5/5
  1365 | D:2      | Found a faded altar of an unknown god.
  1493 | D:2      | Found a shimmering altar of Xom.
  1849 | D:2      | Gained mutation: You can fly continuously. [Tengu growth]
  1849 | D:2      | Reached XP level 5. HP: 30/33 MP: 6/6
  2047 | D:2      | Found a burning altar of Makhleb.
  2047 | D:2      | Found a radiant altar of Vehumet.
  2265 | D:2      | Found a shimmering blue altar of Sif Muna.
  2269 | D:2      | Found an opulent altar of Gozag.
  2274 | D:2      | Found a sacrificial altar of Ru.
  2274 | D:2      | Found a shattered altar of Ashenzari.
  2274 | D:2      | Found an ornate altar of the Wu Jian Council.
  2274 | D:2      | Found a sparkling altar of Nemelex Xobeh.
  2274 | D:2      | Found an ancient bone altar of Kikubaaqudgha.
  2345 | D:2      | Found a stormy altar of Qazlal.
  2349 | D:2      | Became a worshipper of the Wu Jian Council
  2349 | D:2      | Reached * piety under Wu Jian
  2349 | D:2      | Reached ** piety under Wu Jian
  3214 | D:3      | Found a glowing golden altar of the Shining One.
  3247 | D:3      | Found a runed translucent door.
  3252 | D:3      | Noticed barney's ghost (amateur DrTm)
  3273 | D:3      | Killed barney's ghost
  3273 | D:3      | Reached XP level 6. HP: 6/38 MP: 7/7
  4115 | D:4      | Reached skill level 5 in Long Blades
  4117 | D:4      | Reached skill level 5 in Dodging
  4184 | D:4      | Reached XP level 7. HP: 44/44 MP: 8/8
  4316 | D:5      | Entered Level 5 of the Dungeon
  4835 | D:5      | Reached skill level 5 in Fighting
  5060 | D:5      | Found a blossoming altar of Fedhas.
  5356 | D:6      | Reached skill level 5 in Stealth
  5426 | D:6      | Reached XP level 8. HP: 49/49 MP: 9/9
  5775 | D:6      | Reached *** piety under Wu Jian
  7248 | D:7      | Reached XP level 9. HP: 55/55 MP: 10/10
  7653 | D:7      | Noticed Joseph
  7684 | D:7      | Found a staircase to the Ecumenical Temple.
  7953 | D:7      | Killed Joseph
  8403 | D:7      | Reached **** piety under Wu Jian
  8567 | D:7      | HP: 2/57 [ogre/+0 giant club (14)]
  9280 | D:8      | Reached XP level 10. HP: 63/63 MP: 11/11
  9893 | D:8      | Noticed an elephant
  9924 | D:8      | Killed an elephant
  9943 | D:8      | Found a staircase to the Lair.
 10156 | D:8      | Found Somoukill's Gadget Boutique.
 10427 | D:8      | Upgraded the game from 0.25.1-2-g60ff931df9 to
                  | 0.25.1-9-gc5326a611f
 10989 | D:9      | Noticed a two-headed ogre
 11044 | D:9      | Killed a two-headed ogre
 11649 | D:9      | Reached XP level 11. HP: 69/69 MP: 12/12
 11707 | D:10     | Entered Level 10 of the Dungeon
 12769 | D:10     | Reached ***** piety under Wu Jian
 12968 | D:10     | Reached skill level 10 in Long Blades
 12968 | D:10     | Reached skill level 10 in Dodging
 13390 | D:10     | Noticed a two-headed ogre
 13413 | D:10     | Killed a two-headed ogre
 13451 | D:10     | Noticed Snorg
 13470 | D:10     | Mangled by Snorg

Illustrated notes

Levels and vault maps discovered:
D:1:      lightli_arrival_farm, layout_basic
D:2:      layout_loops_ring, gammafunk_temple_overflow_pools, minitemple,
          chequers_ecumenical_altar_island, dk_xom_monty_hall, uniq_jessica
D:3:      layout_basic, nicolae_overflow_crystal_walls, first_ration,
          ebering_ghost_reflecting_pool, serial_bayou_pond_e
D:4:      layout_loops_ring
D:5:      layout_gridville, fedhas_altar_1
D:6:      layout_cave_pods, serial_glass, glass_columns_b, glass_columns_b,
          glass_columns_b, glass_columns_b, glass_columns_a, glass_columns_a
D:7:      kennysheep_seaside_town, layout_gridville,
          minmay_temple_entry_steel_oval, uniq_joseph
D:8:      layout_cave_pods, david_lair_generic, serial_shops, shop
D:9:      layout_stronghold
D:10:     layout_loops_ring, enter_bailey_3, serial_undead, serial_undead_c,
          serial_undead_d, serial_undead_b, serial_undead_e, serial_undead_d,
          serial_undead_c, uniq_snorg

Skill      XL: |  1  2  3  4  5  6  7  8  9 10 11 |
---------------+----------------------------------+-----
Dodging        | 4 5 6 8 9 10 | 10.2
Long Blades    | 4 5 6 8 9 10 | 10.2
Stealth        | 3 4 5 6 7 9 |  9.9
Fighting       | 4 5 6 7 8 9 |  9.3

Action                   |  1- 3 |  4- 6 |  7- 9 | 10-12 || total
-------------------------+-------+-------+-------+-------++-------
Melee: Falchion          |    49 |   141 |   510 |   439 ||  1139
       Kick              |    10 |    57 |   248 |   169 ||   484
       Peck              |     7 |    26 |   133 |   110 ||   276
Invok: Lunge             |       |     5 |    23 |    40 ||    68
       Whirlwind         |       |     1 |    32 |    14 ||    47
       Serpent's Lash    |       |       |       |     1 ||     1
 Abil: Fly               |       |     1 |       |       ||     1
       Wall Jump         |       |       |     3 |     4 ||     7
  Use: Potion            |       |     2 |       |     4 ||     6
       Scroll            |       |     1 |    15 |       ||    16
 Stab: Sleeping          |     9 |     7 |    16 |    12 ||    44
       Distracted        |       |       |     3 |       ||     3
  Eat: Chunk             |     1 |     4 |     4 |       ||     9
       Ration            |       |     2 |     5 |     3 ||    10
Armor: Robe              |     6 |    18 |    35 |    40 ||    99
       Troll leather arm |       |       |       |     7 ||     7
Dodge: Dodged            |    27 |    80 |   287 |   353 ||   747
Block: Other             |       |       |    54 |    92 ||   146
       Reflection        |       |       |     4 |     1 ||     5
       Rpst.: Falchion   |     8 |    19 |    90 |    93 ||   210
